 Dungeon Crawl Stone Soup version 0.29.1-13-g9f3cf754e1 (webtiles) character file.

Game seed: 8800784030967012346

1 sizableburger the Magician (level 1, 0/11 HPs)
             Began as a Deep Elf Transmuter on Feb 2, 2023.
             Slain by a hobgoblin (2 damage)
             ... on level 1 of the Dungeon.
             The game lasted 00:00:26 (113 turns).

sizableburger the Magician (Deep Elf Transmuter)     Turns: 113, Time: 00:00:27

Health: 0/11       AC:  2    Str:  7    XL:     1   Next: 16%
Magic:  6/6        EV: 12    Int: 17    God:
Gold:   35         SH:  0    Dex: 15    Spells: 5/6 levels left

rFire   . . .      SeeInvis .     - Unarmed
rCold   . . .      Faith    .   (no shield)
rNeg    . . .      Spirit   .   a - +0 robe
rPois   .          Reflect  .   (helmet currently unavailable)
rElec   .          Harm     .   (no cloak)
rCorr   .          Rampage  .   (no gloves)
Will    .....                   (boots currently unavailable)
Stlth   +.........              (no amulet)
HPRegen 0.03/turn               (no ring)
MPRegen 0.10/turn               (no ring)

@: appendages (expiring)
A: horns 2, talons 2
a: End Transformation


You were on level 1 of the Dungeon.
You had temporarily grown beastly horns and talons.
You visited 1 branch of the dungeon, and saw 1 of its levels.

You collected 35 gold pieces.

Inventory:

Armour
 a - a +0 robe (worn)
Scrolls
 d - a scroll of vulnerability {unknown}
Potions
 b - a potion of lignification


   Skills:
 + Level 0.8 Fighting
 - Level 2.4 Dodging
 + Level 2.4 Unarmed Combat
 - Level 3.0 Spellcasting
 - Level 2.1 Transmutations


You had 5 spell levels left.
You knew the following spells:

 Your Spells              Type           Power      Damage    Failure   Level
a - Beastly Appendage     Tmut           20%        N/A       7%          1

Your spell library contained the following spells:

 Spells                   Type           Power      Damage    Failure   Level
 Wereblood                Tmut           10%        N/A       11%         2
 Spider Form              Tmut/Pois      6%         N/A       32%         3
 Ice Form                 Ice/Tmut       6%         N/A       73%         4


Dungeon Overview and Level Annotations

Branches:
Dungeon (1/15)

Altars:


Innate Abilities, Weirdness & Mutations

You have temporarily grown beastly horns and talons.


Message History

You hit the hobgoblin. Your headbutt misses the hobgoblin.
The hobgoblin is heavily wounded.
The hobgoblin barely misses you.
You closely miss the hobgoblin. You claw the hobgoblin.
You kill the hobgoblin!
No target in view!
You start resting.
Your magical contamination has completely faded away.
You start resting.
Your transformation is almost over.
Magic restored.
Your horns disappear.
Your talons disappear.
HP restored.
You now have 2 gold pieces.
d - a scroll labelled IGORHO SUPTOPA You now have 13 gold pieces (gained 11).
You now have 35 gold pieces (gained 22).
A hobgoblin comes into view.
A hobgoblin is nearby!
A hobgoblin is nearby!
Found a puce potion.
Casting: Beastly Appendage (safe; 7% risk of failure)
Confirm with . or Enter, or press ? or * to list all spells.
You grow a pair of large bovine horns.
Your feet morph into talons.
A bat comes into view.
The hobgoblin shouts!
You hear a shout!
A bat comes into view.
A hobgoblin comes into view.
Found a faded altar of an unknown god.
The hobgoblin completely misses you.
You completely miss the hobgoblin. The hobgoblin hits you.
You closely miss the hobgoblin. Your headbutt misses the hobgoblin.
The hobgoblin closely misses you.
You closely miss the hobgoblin. The hobgoblin hits you.
* * * LOW HITPOINT WARNING * * *
You are too injured to fight recklessly!
As you read the scroll labelled ZIUNGEU ZEDWU, it crumbles to dust.
The creatures around you are filled with an inner flame!
It was a scroll of immolation.
Your transformation is almost over.
The hobgoblin hits you.
You die...

###...# .# ..
..).#####.# ...
..........# 8 ###..
##'#####..###.. # #⌠#..
P#.#PPP#..##.#⌠ _#..!#
P#.#P⌠P#..##..###..8.#
P#.#PPP#..##...#⌠.8..#
##.#####..##....#gg.#
..<....+..##....@###.#
##.#####..##.........#
P#.#PPP#................
P#.#P⌠P#.###...$.###.#..
P#.#PPP#.# #.....# #
##+#####.#.......#
.........#.#######
##.........# ###########


You could see 2 hobgoblins.

Vanquished Creatures
  A hobgoblin (D:1)
1 creature vanquished.

Notes
Turn   | Place    | Note
-------+----------+-------------------------------------------
     0 | D:1      | sizableburger the Deep Elf Transmuter began the quest for
                  | the Orb.
     0 | D:1      | Reached XP level 1. HP: 11/11 MP: 6/6
   108 | D:1      | Found a faded altar of an unknown god.
   113 | D:1      | Slain by a hobgoblin

Illustrated notes

Levels and vault maps discovered:
D:1:      beargit_arrival_greenhouse, layout_basic, serial_shops,
          nicolae_square_shop, shapermc_ecumenical_altar_venn

Action                   || total
-------------------------++-------
Melee: Unarmed           ||     7
       Kick              ||     1
 Cast: Beastly Appendage ||     2
  Use: Scroll            ||     1
Dodge: Dodged            ||     6
